 Dungeon Crawl Stone Soup version 0.32-a0-918-g0f22ef8d61 (webtiles) character file.

Game seed: 1287500639417626085

667 Heh the Carver (level 7, -3/47 (50) HPs)
             Began as a Coglin Gladiator on Apr 10, 2024.
             Slain by a wight
             ... wielding a +3 mace
              (9 damage)
             ... on level 7 of the Dungeon.
             The game lasted 00:03:32 (3304 turns).

Heh the Carver (Coglin Gladiator)                   Turns: 3304, Time: 00:03:33

HP:   -3/47 (50)    AC: 13    Str: 14    XL:     7   Next: 57%
MP:   7/7           EV: 10    Int:  7    God:
Gold: 263           SH:  0    Dex: 18    Spells: 6/6 levels left

rFire   . . .        a - +0 long sword {Raúl}
rCold   . . .        h - +2 long sword (protect) {Jaspreet}
rNeg    . . .        y - +0 ring mail
rPois   .            c - +0 helmet
rElec   .            (no cloak)
rCorr   .            (no gloves)
SInv    .            (no boots)
Will    .....        (amulet unavailable)
Stlth   +            (ring unavailable)
HPRegen 0.27/turn    (ring unavailable)
MPRegen 0.10/turn    (no gizmo)

%: no passive effects
@: under a protective aura, drained, revved
A: off-hand wielding, slow wielding, warmup strikes, no jewellery
a: Invent Gizmo


You were on level 7 of the Dungeon.
You visited 1 branch of the dungeon, and saw 6 of its levels.

You collected 263 gold pieces.

Inventory:

Hand Weapons
 a - a +0 long sword (weapon) {Raúl}
 f - a +0 dagger {Constanze}
 h - a +2 long sword of protection (offhand) {Jaspreet}
Missiles
 d - a throwing net (quivered)
 e - 7 javelins
 s - 5 poisoned darts
Armour
 b - a +0 leather armour
 c - a +0 helmet (worn)
 y - a +0 ring mail (worn)
Scrolls
 i - a scroll of poison {unknown}
 k - 3 scrolls of blinking {unknown}
 m - 2 scrolls of vulnerability {unknown}
 n - 2 scrolls of summoning {unknown}
 r - 2 scrolls of teleportation {unknown}
 t - a scroll of revelation {unknown}
 v - a scroll of enchant weapon {unknown}
 w - 2 scrolls of identify {unknown}
 x - a scroll of noise {unknown}
 E - a scroll of fog {unknown}
Potions
 g - a potion of lignification {unknown}
 j - 5 potions of curing {unknown}
 l - a potion of ambrosia {unknown}
 o - a potion of might {unknown}
 p - 3 potions of haste {unknown}
 q - a potion of heal wounds {unknown}
 u - 2 potions of mutation {unknown}
 z - a potion of magic {unknown}
 A - a potion of cancellation {unknown}
 B - a potion of invisibility {unknown}
 C - a potion of brilliance {unknown}
 D - a potion of resistance {unknown}


   Skills:
 - Level 2.0 Fighting
 + Level 8.6 Long Blades
 - Level 1.7 Throwing
 - Level 2.6 Dodging


You had 6 spell levels left.
You didn't know any spells.
Your spell library contained the following spells:

 Spells                   Type           Power      Damage    Failure   Level
 Slow                     Hex            0%         N/A       67%         1
 Mercury Vapours          Alch/Air       0%         N/A       82%         2
 Sublimation of Blood     Necr           0%         N/A       82%         2
 Confusing Touch          Hex            0%         N/A       96%         3
 Mephitic Cloud           Conj/Alch/Air  0%         N/A       96%         3
 Vampiric Draining        Necr           0%         2d6       96%         3
 Petrify                  Alch/Erth      0%         N/A       100%        4
 Vhi's Electric Charge    Tloc/Air       0%         N/A       100%        4
 Arcjolt                  Conj/Air       0%         1d10      100%        5
 Freezing Cloud           Conj/Ice/Air   0%         6-21      100%        5
 Irradiate                Conj/Alch      0%         3d11      100%        5
 Plasma Beam              Fire/Air       0%         2x1d10    100%        6


Dungeon Overview and Level Annotations

Branches:
Dungeon (5/15)
 Temple: D:4-7

Altars:
Ashenzari
Yredelemnul

Shops:
D:1 (


Innate Abilities, Weirdness & Mutations

You can wield a second weapon in your off-hand.
It takes a long time for you to wield or remove held weapons.
Your first few attacks do less damage.
You cannot equip rings or amulets.


Message History

The wight is almost destroyed.
You closely miss the wight with your +0 long sword.
The wight hits you with a +3 mace.
You feel drained. The wight closely misses you.
You hit the wight but do no damage.
The wight is almost destroyed.
You slash the wight with your +2 long sword of protection!
You destroy the wight!
The wight hits you with a +3 mace.
You are too injured to fight recklessly!
You are too injured to fight recklessly!
You are too injured to fight recklessly!
A wight is nearby!
A wight is nearby!
Unknown command.
You are too injured to fight recklessly!
You closely miss the wight with your +0 long sword.
You closely miss the wight with your +2 long sword of protection.
The wight barely misses you.
You hit the wight with your +2 long sword of protection.
The wight is lightly damaged.
You barely miss the wight with your +0 long sword.
The wight hits you with a +3 mace!
* * * LOW HITPOINT WARNING * * *
You feel drained.
* * * LOW HITPOINT WARNING * * *
You barely miss the wight with your +2 long sword of protection.
The wight is lightly damaged.
You hit the wight with your +0 long sword.
The wight hits you with a +3 mace.
* * * LOW HITPOINT WARNING * * *
You feel drained.
Unknown command.
Throw: 2 throwing nets
Press: ? - help, Q - select action, (/) - cycle Shift-Dir - straight line, f - wight
Aim: a wight, wielding a +3 mace and wearing a +0 robe (moderately damaged, 59% to hit)
You throw a throwing net.
The throwing net completely misses the wight.
The wight hits you with a +3 mace!
You die...

#.# ... #.# ..## ...#.
##.. .....#####..# ###
.........#..###.###
............#.!.).#
#...............@z(#
....................#
.................##.(..#
.................# ....
......##)).......#.. ..#
#....##)).......... ##
#..............#..#
###..........######
.............##


You could see a wight.

Vanquished Creatures
  Duvessa (D:4)
  A scorpion (D:7)
  2 wights (D:7)
  Dowan (D:4)
  2 hounds
  A bombardier beetle (D:3)
  Terence (D:3)
  An iguana (D:4)
  5 adders
  3 gnolls (D:2)
  A white imp (D:5)
  4 ribbon worms
  5 dart slugs
  16 orcs
  8 endoplasms
  4 giant cockroaches
  8 goblins
  5 hobgoblins
  9 jackals
  3 quokkas
  6 ball pythons
  10 bats
  A frilled lizard (D:3)
  10 kobolds
  5 rats
113 creatures vanquished.

Notes
Turn   | Place    | Note
-------+----------+-------------------------------------------
     0 | D:1      | Heh the Coglin Gladiator began the quest for the Orb.
     0 | D:1      | Reached XP level 1. HP: 16/16 MP: 1/1
    68 | D:1      | Reached XP level 2. HP: 21/22 MP: 2/2
   135 | D:1      | Found Yxzudyoh's Weapon Boutique.
   398 | D:1      | Reached skill level 4 in Long Blades
   455 | D:1      | Reached XP level 3. HP: 24/27 MP: 3/3
   569 | D:1      | Found a faded altar of an unknown god.
   983 | D:2      | Reached XP level 4. HP: 33/33 MP: 4/4
  1015 | D:2      | Reached skill level 5 in Long Blades
  1194 | D:2      | Reached XP level 5. HP: 22/38 MP: 5/5
  1806 | D:3      | Noticed Terence
  1811 | D:3      | Killed Terence
  1812 | D:3      | Reached skill level 6 in Long Blades
  2289 | D:4      | Reached XP level 6. HP: 44/44 MP: 6/6
  2659 | D:5      | Entered Level 5 of the Dungeon
  2676 | D:5      | Found a broken altar of Ashenzari.
  2681 | D:5      | Reached skill level 7 in Long Blades
  3069 | D:4      | Noticed Duvessa
  3069 | D:4      | Noticed Dowan
  3079 | D:4      | Killed Duvessa
  3080 | D:4      | Reached XP level 7. HP: 42/50 MP: 7/7
  3086 | D:4      | Killed Dowan
  3251 | D:5      | Found a basalt altar of Yredelemnul.
  3251 | D:5      | You fall into a shaft and drop 2 floors!
  3264 | D:7      | Reached skill level 8 in Long Blades
  3304 | D:7      | Slain by a wight

Illustrated notes

Levels and vault maps discovered:
D:1:      erik_arrival_cave_to_civilisation [erik_arrival_cave_to_hall],
          layout_basic, serial_shops, shop, chequers_ecumenical_altar_island
D:2:      layout_loops_ring, minmay_pentomino_pile
D:3:      layout_loops_ring, uniq_terence
D:4:      dreamdust_elfheim, layout_gridville, dk_noncrumbling_4,
          minmay_misc_feat_rugged, serial_bayou_lagoon_b
D:5:      layout_basic, amcnicky_altar_gilded, old_standard_altar
D:7:      layout_cave_pools, minmay_temple_entry_grid, minmay_manual_moon,
          uniq_prince_ribbit1

Skill      XL: |  1  2  3  4  5  6  7 |
---------------+----------------------+-----
Long Blades    | 4 5 6 7 8 |  8.6
Fighting       | |  2.0
Throwing       | |  1.7
Dodging        | |  2.6

Action                     |  1- 3 |  4- 6 |  7- 9 || total
---------------------------+-------+-------+-------++-------
  Melee: Long sword        |    96 |   242 |    58 ||   396
         Dagger            |    15 |       |       ||    15
  Throw: Throwing net      |       |       |     2 ||     2
   Stab: Sleeping          |       |     4 |       ||     4
 Armour: Leather armour    |    44 |    65 |       ||   109
         Ring mail         |       |    14 |    22 ||    36
  Dodge: Dodged            |    61 |   108 |    18 ||   187

Table legend: (Time is in decaauts)
 A = Elapsed time spent in this place.
 B = Non-inter-level travel time spent in this place.
 C = Inter-level travel time spent in this place.
 D = Time resting spent in this place.
 E = Time spent auto-exploring this place.
 F = Levels seen in this place.
 G = Mean time per level.
                   A        B        C        D        E       F      G
               +--------+--------+--------+--------+--------+-----+--------+
         Total |   3363 |   3095 |    268 |      0 |   2457 |   6 |  560.5 |
       Dungeon |   3363 |   3095 |    268 |      0 |   2457 |   6 |  560.5 |
               +--------+--------+--------+--------+--------+-----+--------+

Top non-repeatable levels by time:
     D:4: 900 daAuts
     D:1: 846 daAuts
     D:2: 777 daAuts
     D:3: 714 daAuts
     D:5: 70 daAuts
     D:7: 52 daAuts
